[Event "*** Titled Tuesday Blitz"]
[Site "Chess.com"]
[Date "2020.03.03"]
[Round "7"]
[White "ChessicallyInclined"]
[Black "VerdeNotte"]
[Result "0-1"]
[WhiteElo "2486"]
[BlackElo "2745"]
[TimeControl "180+1"]
[EndTime "14:14:51 PST"]
[Termination "VerdeNotte won by resignation"]

1. d4 d5 2. c4 e6 3. Nc3 a6 4. cxd5 exd5 5. Qb3 c6 6. e4 dxe4 7. Bc4 Qc7 8. a4 Nf6 9. Bg5 a5 10. Bxf6 gxf6 11. Nxe4 Bb4+ 12. Kf1 Qe7 13. Qe3 Be6 14.
Bxe6 fxe6 15. Nf3 Nd7 16. Qf4 f5 17. Ned2 Rg8 18. h3 Nf6 19. Ne5 Nd5 20. Qh6 O-O-O 21.
Ndf3 f4 22. Rc1 Rdf8 23. Nd3 Rg6 24. Qh4 Rfg8 25. Qxe7 Bxe7 26. Rh2 Bd6 27. Nde5 R6g7 28. h4 h5 29. Rc2 Bxe5 30. Nxe5 Nb4 31. Re2 b5 32.
axb5 cxb5 33. Nf3 Kd7 34. Ng5 Rc8 35. Rxe6 Rxg5 36. Re1 0-1

[Event "*** Titled Tuesday Blitz"]
[Site "Chess.com"]
[Date "2020.03.03"]
[Round "7"]
[White "stoleriu"]
[Black "NoGalloNoParty"]
[Result "1-0"]
[WhiteElo "2472"]
[BlackElo "2292"]
[TimeControl "180+1"]
[EndTime "14:14:52 PST"]
[Termination "stoleriu won on time"]

1. b3 e5 2. Bb2 d6 3. e3 g6 4. f4 Bg7 5. Nf3 Nd7 6. Be2 Qe7 7. O-O Ngf6 8. fxe5 dxe5 9. Nc3 c6 10.
a4 a5 11. Kh1 e4 12. Nd4 Nc5 13. Ba3 O-O 14. Qe1 Re8 15. Qh4 Bd7 16. Bxc5 Qxc5 17.
Rxf6 Bxf6 18. Qxf6 Qe5 19. Rf1 Qxf6 20. Rxf6 Rad8 21.
g4 Kg7 22. Rf4 c5 23. Ndb5 Bc6 24. Nb1 f6 25. Kg1 Re7 26. N5a3 g5 27. Rf5 b6 28. Nc4 Bd7 29. Rd5 Rb8 30. Rd6 b5 31. axb5 Bxb5 32. Nc3 Be8 33. Nxa5 Ra8 34. Nc4 Ra1+ 35. Kf2 Rh1 36. Kg2 Re1 37. Bf1 Rc1 38. Nd5 Rd7 39. Nxf6 Rxd6 40. Nxe8+ Kf8 41. Nexd6 1-0

[Event "*** Titled Tuesday Blitz"]
[Site "Chess.com"]
[Date "2020.03.03"]
[Round "7"]
[White "HajiyevKanan"]
[Black "MisiekZielony"]
[Result "0-1"]
[WhiteElo "2335"]
[BlackElo "2104"]
[TimeControl "180+1"]
[EndTime "14:14:52 PST"]
[Termination "MisiekZielony won by checkmate"]

1. d4 d5 2. Nf3 Nf6 3. c4 c6 4. cxd5 cxd5 5. Nc3 Nc6 6. Bg5 Ne4 7. Bf4 e6 8. e3 Bb4 9. Qb3 Qa5 10. Rc1 O-O 11. Bd3 Nxc3 12. bxc3 Ba3 13. Rb1 b6 14. h4 Ba6 15.
Bc2 Bc4 16. Bxh7+ Kxh7 17. Ng5+ Kg8 18. Qc2 f5 19. Nxe6 Rae8 20. Nxf8 Rxf8 21. g4 Re8 22. gxf5 Nxd4 23. Qd2 Nf3+ 24. Kd1 Nxd2 25. Kxd2 Bc5 26. Rhg1 Qxa2+ 27. Kc1 Ba3+ 28. Kd1 Qe2# 0-1

[Event "*** Titled Tuesday Blitz"]
[Site "Chess.com"]
[Date "2020.03.03"]
[Round "7"]
[White "Snegokhod"]
[Black "MaxLeto"]
[Result "1-0"]
[WhiteElo "2588"]
[BlackElo "2398"]
[TimeControl "180+1"]
[EndTime "14:15:00 PST"]
[Termination "Snegokhod won on time"]

1. e4 c5 2. Nf3 d6 3. d4 cxd4 4. Qxd4 a6 5. Be3 Nc6 6. Qb6 Qxb6 7. Bxb6 Nf6 8. Nc3 e6 9. O-O-O Be7 10. Nd2 Nd7 11.
Na4 Nxb6 12. Nxb6 Rb8 13. Ndc4 d5 14. exd5 exd5 15. Nxd5 Bg5+ 16. f4 Bd8 17. Nd6+ Kf8 18. Nxc8 Rxc8 19. c3 g6 20. g3 Kg7 21. Bh3 f5 22.
Bg2 Re8 23. Rhe1 Ba5 24. Kb1 Rxe1 25. Rxe1 Rf8 26. Kc2 Kf7 27. b4 Bd8 28. Bf3 Re8 29. Rd1 Na7 30. a4 b6 31. Kb3 a5 32. Rd4 Nc6 33. Rc4 Re6 34. Nxb6 Bxb6 35. Bxc6 Ke7 36. Bd5 Re3 37. Rc6 Bd8 38. b5 Kd7 39. b6 Rd3 40. b7 1-0

[Event "*** Titled Tuesday Blitz"]
[Site "Chess.com"]
[Date "2020.03.03"]
[Round "7"]
[White "Kislov_Oleg"]
[Black "CrushingKings"]
[Result "0-1"]
[WhiteElo "2526"]
[BlackElo "2252"]
[TimeControl "180+1"]
[EndTime "14:15:05 PST"]
[Termination "CrushingKings won by resignation"]

1. e4 c5 2. Nf3 e6 3. c3 Nc6 4. d4 cxd4 5. cxd4 d5 6. e5 Qb6 7.
Nc3 Bd7 8. Be2 Nh6 9. O-O Nf5 10. Na4 Qd8 11. g4 Nh4 12. Be3 h5 13. g5 Nxf3+ 14. Bxf3 h4 15. g6 f6 16. Kh1 fxe5 17. dxe5 Nxe5 18.
Nc5 Bc6 19. Nxe6 Qf6 20. Nc7+ Kd7 21. Nxa8 Nxf3 22. Bd4 Nxd4 23. f3 Bd6 24. Qd3 Rxa8 25. Rad1 Nf5 26. a3 d4 27. b4 a6 28. Rd2 Ne3 29. Rg1 Qxf3+ 0-1

[Event "*** Titled Tuesday Blitz"]
[Site "Chess.com"]
[Date "2020.03.03"]
[Round "7"]
[White "vladislavkovalev"]
[Black "Abdimalik_Abdisalimov"]
[Result "1-0"]
[WhiteElo "2938"]
[BlackElo "2858"]
[TimeControl "180+1"]
[EndTime "14:15:12 PST"]
[Termination "vladislavkovalev won by resignation"]

1. e4 e5 2. Nf3 Nc6 3. Bb5 Nf6 4.
O-O Nxe4 5. Re1 Nd6 6. Nxe5 Be7 7. Bf1 O-O 8. d4 Nf5 9. c3 Nxe5 10. Rxe5 d6 11.
Re1 Bg5 12. Bd3 Bxc1 13. Qxc1 Qf6 14. Qf4 Be6 15. Nd2 Qh6 16. Qxh6 Nxh6 17. f3 Rfe8 18. a4 a5 19. g4 g6 20. Kf2 Kg7 21. h4 Ng8 22. Ne4 Nf6 23. Nxf6 Kxf6 24. Re3 h6 25. b4 Bd7 26. Rxe8 Bxe8 27. b5 c6 28. bxc6 Bxc6 29. c4 Ke7 30. Ke3 Kd8 31. Be4 Kc7 32. Rb1 Re8 33. Kd3 Rb8 34. Bxc6 bxc6 35. Rxb8 Kxb8 36.
Ke4 Kc7 37. h5 Kd7 38. g5 Ke7 39. gxh6 Kf8 40. hxg6 fxg6 41. Kf4 1-0

[Event "*** Titled Tuesday Blitz"]
[Site "Chess.com"]
[Date "2020.03.03"]
[Round "7"]
[White "platy3"]
[Black "Incognito_Knight"]
[Result "1-0"]
[WhiteElo "2870"]
[BlackElo "2675"]
[TimeControl "180+1"]
[EndTime "14:15:12 PST"]
[Termination "platy3 won by resignation"]

1. e4 e5 2. Nf3 Nc6 3. Bb5 Nf6 4. O-O Nxe4 5. Re1 Nd6 6. Nxe5 Be7 7. Bf1 Nxe5 8. Rxe5 O-O 9. d4 Bf6 10. Re1 Re8 11. Rxe8+ Nxe8 12. d5 d6 13. c3 Bf5 14.
Nd2 Qd7 15. a4 a6 16. a5 g6 17. Nb3 Qe7 18. Be3 Ng7 19. Ra4 Re8 20. Rb4 Bc8 21. Nd4 h5 22. h3 Bg5 23. Bxg5 Qxg5 24. Nf3 Qf6 25. Qd4 Qxd4 26. Rxd4 Nf5 27. Rb4 Kg7 28. Bd3 Ne7 29. Bc4 c6 30. Rb6 cxd5 31. Bb3 Nc6 32.
Ba4 Re2 33. Bxc6 bxc6 34. Rxc6 Bb7 35. Rb6 Bc8 36. Nd4 Re1+ 37. Kh2 Ra1 38. Rc6 Bb7 39.
Rc7 Ba8 40. Ra7 1-0

[Event "*** Titled Tuesday Blitz"]
[Site "Chess.com"]
[Date "2020.03.03"]
[Round "7"]
[White "DonBroca"]
[Black "Rakesh"]
[Result "1-0"]
[WhiteElo "2047"]
[BlackElo "2344"]
[TimeControl "180+1"]
[EndTime "14:15:13 PST"]
[Termination "DonBroca won on time"]

1. e4 c6 2. d4 d5 3. e5 c5 4. dxc5 Nc6 5. f4 Bf5 6. Nf3 e6 7. Be3 Nge7 8. Bd3 Bxd3 9. Qxd3 Nf5 10. Bf2 Qa5+ 11. Qd2 Bxc5 12. Qxa5 Bxf2+ 13. Kxf2 Nxa5 14. g4 Ne7 15. Nc3 Rc8 16. Nd4 Nc4 17. Ncb5 O-O 18. Nxa7 Ra8 19. Nab5 Nxb2 20. Nd6 Ra4 21. Rhb1 1-0

[Event "*** Titled Tuesday Blitz"]
[Site "Chess.com"]
[Date "2020.03.03"]
[Round "7"]
[White "Parhamov"]
[Black "GMWSO"]
[Result "1-0"]
[WhiteElo "3063"]
[BlackElo "3106"]
[TimeControl "180+1"]
[EndTime "14:15:14 PST"]
[Termination "Parhamov won by resignation"]

1. e4 e5 2. Nf3 Nc6 3. Bc4 Bc5 4. c3 Nf6 5. d4 exd4 6. e5 d5 7. Bb5 Ne4 8. cxd4 Bb6 9. Nc3 O-O 10. Be3 Bg4 11. h3 Bh5 12. Qb3 Bxf3 13. gxf3 Nxf2 14. Bxf2 Nxd4 15. Bxd4 Qh4+ 16. Kd1 Qxd4+ 17. Kc2 Qf2+ 18. Ne2 Qc5+ 19. Kb1 Rad8 20. Bd3 Qe3 21. f4 g6 22. Rd1 c5 23. Bb5 Qf2 24. Qg3 Qxg3 25. Nxg3 c4 26.
Ne2 Be3 27. Nc3 d4 28. Ne4 Bxf4 29. e6 fxe6 30. Bxc4 Kh8 31. a4 e5 32. Ra3 Rc8 33.
Bd5 b6 34. a5 Be3 35. axb6 axb6 36. Ra7 Rcd8 37. Bc4 Rc8 38. Nd6 Ra8 39. Rd7 Rf2 40. Nf7+ Kg7 41. Nxe5+ Kh8 42. Nf7+ Kg7 43. h4 h5 44.
Ng5+ Kf8 45. Ne6+ Ke8 46. Bb5 1-0

[Event "*** Titled Tuesday Blitz"]
[Site "Chess.com"]
[Date "2020.03.03"]
[Round "7"]
[White "ZEN-22"]
[Black "Kobalia"]
[Result "0-1"]
[WhiteElo "2402"]
[BlackElo "2619"]
[TimeControl "180+1"]
[EndTime "14:15:18 PST"]
[Termination "Kobalia won by checkmate"]

1. e4 c5 2. Bc4 e6 3. d4 cxd4 4. c3 d3 5. Qxd3 Nc6 6. Nf3 Qc7 7. Bg5 Nf6 8. Bxf6 gxf6 9. Nbd2 h5 10. a3 h4 11. h3 Qf4 12. O-O-O Rg8 13. Kb1 a6 14. Rhg1 b5 15. Ba2 Bb7 16. Nb3 Rd8 17. Nbd4 Ne5 18.
Nxe5 Bxe4 19. Nef3 Bxd3+ 20. Rxd3 Bc5 21. Rgd1 d5 22. Ne2 Qf5 23. Ka1 Bxf2 24. Bb1 Qh5 25. Rf1 Bc5 26. Nf4 Qh6 27. Ne2 Rxg2 28. Ned4 Bxd4 29.
Nxd4 Rg3 30. Rdd1 Rxh3 31. Rfe1 Re3 32. Rf1 h3 33. Rh1 Kd7 34. Nc2 Rg3 35. Nb4 a5 36.
Nd3 Rh8 37. Nc5+ Kc6 38. Nb3 h2 39. Nd4+ Kb6 40. Ne2 Rg2 41. Nd4 Rhg8 42. Nb3 Rg1 43. Rxh2 Qxh2 44. Rd3 Qh1 45. Nd2 Rxb1+ 46. Ka2 Ra1+ 47.
Kb3 Qd1# 0-1

[Event "*** Titled Tuesday Blitz"]
[Site "Chess.com"]
[Date "2020.03.03"]
[Round "7"]
[White "Bigfish1995"]
[Black "dusanacns"]
[Result "1-0"]
[WhiteElo "3085"]
[BlackElo "2663"]
[TimeControl "180+1"]
[EndTime "14:15:20 PST"]
[Termination "Bigfish1995 won by resignation"]

1. d4 Nf6 2. Bf4 d5 3. e3 e6 4. Nf3 Bd6 5. Bxd6 Qxd6 6. c4 dxc4 7. Nbd2 O-O 8. Nxc4 Qe7 9. Rc1 Rd8 10. Nce5 Ne4 11.
Bd3 Qb4+ 12. Kf1 Nf6 13. Ng5 Rf8 14. Rxc7 Nbd7 15. Qc2 g6 16. Ngxf7 Rxf7 17. Nxf7 Kxf7 18. Rxc8 Rxc8 19. Qxc8 Qxb2 20. Qc2 Qa1+ 21. Qb1 Qc3 22. Ke2 Nd5 23. Rc1 Qa5 24. Qxb7 Nb6 25. Rc2 Ke7 26. h3 Qg5 27. Qf3 Qa5 28. Qf4 Nd5 29.
Qh4+ Kd6 30. Qxh7 Nc3+ 31. Kf1 Nxa2 32. Qxg6 Nb4 33. Rc1 Qa3 34. Rd1 Qb3 35. Be2 Qc3 36.
Qg3+ Ke7 37. Qg5+ Kd6 38. Qa5 Qb3 39. Qxa7 Nd5 40. Qa6+ Ke7 41. Qc4 Qa3 42. Qc1 Qb3 43.
Qd2 Qb8 44. Kg1 N7f6 45. Bf3 1-0

[Event "*** Titled Tuesday Blitz"]
[Site "Chess.com"]
[Date "2020.03.03"]
[Round "7"]
[White "ShahMatKanal"]
[Black "Volodar_Murzin"]
[Result "1-0"]
[WhiteElo "2532"]
[BlackElo "2683"]
[TimeControl "180+1"]
[EndTime "14:15:20 PST"]
[Termination "ShahMatKanal won by resignation"]

1. d4 d5 2. c4 c6 3. Nf3 Nf6 4. e3 a6 5. Be2 dxc4 6. Bxc4 b5 7. Be2 e6 8. O-O c5 9. a4 b4 10. b3 Bb7 11. Bb2 Nbd7 12. Nbd2 Be7 13. Rc1 O-O 14. Qc2 Rc8 15. Qb1 Qb6 16. Nc4 Qa7 17. a5 Qa8 18. Rfd1 Be4 19. Qa1 Rfd8 20. dxc5 Rxc5 21. Nb6 Nxb6 22.
axb6 Rxd1+ 23. Bxd1 Rxc1 24. Qxc1 Nd5 25. Bd4 Qb7 26. Nd2 Bg6 27. Bf3 Bd8 28. Nc4 Qc8 29.
Qa1 Bd3 30. Bxg7 Bxc4 31. bxc4 Nxb6 32. Bh8 f6 33. Bxf6 Nxc4 34. Bg4 Kf7 35. Bh8 Be7 36.
Bh5+ Kf8 1-0

[Event "*** Titled Tuesday Blitz"]
[Site "Chess.com"]
[Date "2020.03.03"]
[Round "7"]
[White "Jbd735"]
[Black "ElGasanov"]
[Result "0-1"]
[WhiteElo "2520"]
[BlackElo "2715"]
[TimeControl "180+1"]
[EndTime "14:15:22 PST"]
[Termination "ElGasanov won by resignation"]

1. e4 c5 2. Nf3 Nc6 3. d4 cxd4 4.
Nxd4 Nf6 5. Nc3 g6 6. Be2 d6 7. Be3 Bg7 8. O-O O-O 9. a4 Bd7 10. Nb3 Rc8 11. a5 Be6 12. Nd5 Nxe4 13. Bf3 Nf6 14. Nxf6+ Bxf6 15. c3 Bxb3 16. Qxb3 Nxa5 17. Qb5 b6 18. b4 Nc4 19. Bh6 Bg7 20. Bxg7 Kxg7 21.
Rxa7 Ne5 22. Be2 Rxc3 23. f4 Nc6 24. Rb7 Nd4 25. Qa6 e6 26. Bg4 Qh4 27. Bh3 Rxh3 28.
gxh3 Qxh3 29. Qc4 Nf3+ 30. Rxf3 Qxf3 31. Qd4+ e5 32. fxe5 Qxb7 33. exd6+ Kg8 34. d7 Rd8 0-1

[Event "*** Titled Tuesday Blitz"]
[Site "Chess.com"]
[Date "2020.03.03"]
[Round "7"]
[White "RemcoSpr"]
[Black "LarissaSteenbekkers"]
[Result "0-1"]
[WhiteElo "2243"]
[BlackElo "1875"]
[TimeControl "180+1"]
[EndTime "14:15:25 PST"]
[Termination "LarissaSteenbekkers won by checkmate"]

1. e4 e6 2. d4 d5 3. Nc3 Bb4 4. e5 Ne7 5. a3 Bxc3+ 6. bxc3 c5 7. Qg4 Qc7 8. Bd3 cxd4 9. Ne2 dxc3 10. Qxg7 Rg8 11. Qxh7 Qxe5 12. Bf4 Qh8 13. Qxh8 Rxh8 14. Be5 Rg8 15. h4 Nbc6 16. Bf6 e5 17. h5 e4 18. Bb5 Bf5 19. h6 Bh7 20. Bxe7 Kxe7 21. Nxc3 Ke6 22. O-O-O d4 23. Bxc6 dxc3 24. Bxb7 Rab8 25. Bd5+ Ke5 26.
g3 Rb2 27. Bb3 Rb8 28. Rd5+ Kf6 29. Rd6+ Ke7 30. Rhd1 R8xb3 31. Rd7+ Ke6 32. R7d6+ Kf5 33. cxb3 e3 34. Rc6 Kg4 35. Rxc3 Rb1# 0-1

[Event "*** Titled Tuesday Blitz"]
[Site "Chess.com"]
[Date "2020.03.03"]
[Round "7"]
[White "DinaBelenkaya"]
[Black "newauto"]
[Result "1-0"]
[WhiteElo "2283"]
[BlackElo "2022"]
[TimeControl "180+1"]
[EndTime "14:15:27 PST"]
[Termination "DinaBelenkaya won by resignation"]

1. e4 c6 2. d4 d5 3. Nc3 dxe4 4. Nxe4 Bf5 5. Ng3 Bg6 6. h4 h6 7. Nf3 Nd7 8. h5 Bh7 9. Bd3 Bxd3 10. Qxd3 e6 11. Bd2 Ngf6 12. O-O-O Qc7 13. Ne4 Nxe4 14. Qxe4 Nf6 15. Qe2 O-O-O 16. c4 c5 17. Bc3 Be7 18. Kb1 a6 19. Ne5 Rhf8 20. Nxf7 Rde8 21. Qxe6+ Kb8 22. d5 Bd8 23. Be5 Rxe6 24. Bxc7+ Bxc7 25. dxe6 Re8 26. Rhe1 Nxh5 27. Nd6 Bxd6 28. Rxd6 Nf4 29. e7 Kc7 30. Rd2 Nxg2 31. Re4 g5 32. Re5 Nh4 33. Rxc5+ Kb6 34. Re5 Nf3 35. Re6+ Kc5 36. Rd8 1-0

[Event "*** Titled Tuesday Blitz"]
[Site "Chess.com"]
[Date "2020.03.03"]
[Round "7"]
[White "Zubrrr"]
[Black "Aleksandr_Kozak"]
[Result "1-0"]
[WhiteElo "2657"]
[BlackElo "2270"]
[TimeControl "180+1"]
[EndTime "14:15:30 PST"]
[Termination "Zubrrr won by resignation"]

1. c4 g6 2. g3 Bg7 3. Bg2 e5 4. Nc3 Ne7 5. Nf3 c5 6. d3 Nbc6 7. O-O O-O 8. Ne1 d6 9. Nc2 f5 10. a3 a5 11. Ne3 f4 12. Ned5 g5 13. e3 Be6 14. Kh1 fxe3 15. fxe3 Rxf1+ 16. Qxf1 Kh8 17. Bd2 Nf5 18. Be4 Nce7 19. Qh3 Qg8 20. Nc7 Rf8 21. Nxe6 Qxe6 22. Kg1 h6 23. Rf1 Rf6 24. Rf2 Qf7 25. Bxb7 Ng6 26. Bd5 Qf8 27. Ne4 Nfe7 28. Nxf6 Bxf6 29. Rxf6 Kg7 30. Rxf8 1-0

[Event "*** Titled Tuesday Blitz"]
[Site "Chess.com"]
[Date "2020.03.03"]
[Round "7"]
[White "Megagigahiper3345"]
[Black "DonPreuss"]
[Result "1-0"]
[WhiteElo "2148"]
[BlackElo "2208"]
[TimeControl "180+1"]
[EndTime "14:15:30 PST"]
[Termination "Megagigahiper3345 won by checkmate"]

1. d4 Nc6 2. d5 Ne5 3. e4 Ng6 4. f4 e5 5. dxe6 fxe6 6. Nf3 Bc5 7. h4 Nf6 8. h5 Ne7 9. Bd3 Ng4 10.
Rf1 Ne3 11. Bxe3 Bxe3 12. Ne5 Nc6 13. Qf3 Bb6 14. Nxc6 bxc6 15. Nd2 O-O 16. O-O-O d6 17. g4 Qe7 18. Qg3 Bd7 19. g5 e5 20. f5 h6 21. gxh6 Qf6 22. Bc4+ Kh7 23. Qg6+ Qxg6 24. hxg6+ Kxh6 25. Nf3 Kh5 26. Be2 Be3+ 27. Kb1 Bc8 28. Rh1+ Kg4 29. Rh4+ Kg3 30. Rdh1 Bxf5 31. exf5 Rxf5 32.
R1h3+ Kf2 33. Rh2+ Kg3 34. R4h3+ Kf4 35. Rg2 e4 36. Rh4# 1-0

[Event "*** Titled Tuesday Blitz"]
[Site "Chess.com"]
[Date "2020.03.03"]
[Round "7"]
[White "reigningmvp"]
[Black "Entilza"]
[Result "1-0"]
[WhiteElo "2315"]
[BlackElo "2466"]
[TimeControl "180+1"]
[EndTime "14:15:30 PST"]
[Termination "reigningmvp won by resignation"]

1. e4 c6 2. d4 d5 3. Nd2 dxe4 4.
Nxe4 Bf5 5. Ng3 Bg6 6. h4 h6 7.
Nf3 Nd7 8. h5 Bh7 9. Bd3 Bxd3 10. Qxd3 e6 11. Bd2 Ngf6 12. O-O-O Be7 13. Ne4 Nxe4 14. Qxe4 Nf6 15. Qe2 Qd5 16. c4 Qe4 17. Qxe4 Nxe4 18. Be3 f5 19. Kc2 f4 20. Kd3 fxe3 21.
Kxe4 exf2 22. Ne5 Rf8 23. Rhf1 Bg5 24. Ng6 Rf6 25. Rd3 Kd7 26. Rf3 Rxf3 27. Kxf3 Bf6 28. Ke4 c5 29. d5 Bxb2 30. Rxf2 Bf6 31. dxe6+ Kxe6 32. Nf4+ Kd6 33. Nd5 Re8+ 34. Kd3 Bd4 35. Rf7 b5 36. Rxa7 bxc4+ 37. Kxc4 Re2 38. Ra6+ Ke5 39.
Ne7 Rxg2 40. Ng6+ Ke4 41. Re6+ Kf5 42. Ra6 Kg5 43. a4 Kxh5 44. Nf4+ Kg4 45. Nxg2 h5 46. Rg6+ Kf5 47. Nh4+ Kf4 48. a5 Bf6 49. a6 1-0

[Event "*** Titled Tuesday Blitz"]
[Site "Chess.com"]
[Date "2020.03.03"]
[Round "7"]
[White "Rodalquilar"]
[Black "Azeryahu"]
[Result "0-1"]
[WhiteElo "2613"]
[BlackElo "2808"]
[TimeControl "180+1"]
[EndTime "14:15:31 PST"]
[Termination "Azeryahu won by checkmate"]

1. d4 d5 2. Bf4 Bf5 3. c4 e6 4.
Nc3 Nf6 5. e3 c6 6. Qb3 Qe7 7.
c5 Qd7 8. Nf3 Be7 9. h3 h6 10.
a4 a5 11. Nb5 Na6 12. Nd6+ Bxd6 13. Bxd6 Nb4 14. Ne5 Qd8 15. g4 Bc2 16. Qa3 Bh7 17. Rc1 Ne4 18. Nd3 Nxd6 19. Nxb4 axb4 20. Qxb4 Ne4 21.
Qxb7 O-O 22. Qxc6 Qa5+ 23. Rc3 Nxc3 24. bxc3 Qxc3+ 25. Ke2 Qc2+ 26. Kf3 Qe4+ 27. Kg3 Qxh1 28. Bg2 Qa1 29. Qd6 Qxa4 30. h4 Qa6 31. Qf4 Be4 32.
f3 Bh7 33. g5 hxg5 34. Qxg5 Qa5 35. h5 Qd8 36. Qg4 Qf6 37. e4 Qxd4 38. c6 dxe4 39. fxe4 Qe5+ 40. Kh3 Ra3+ 41. Bf3 Bxe4 42. h6 Rxf3+ 43.
Kh4 Qf6+ 44. Kh5 Bg6+ 45. Qxg6 fxg6+ 46. Kg4 Qf4# 0-1

[Event "*** Titled Tuesday Blitz"]
[Site "Chess.com"]
[Date "2020.03.03"]
[Round "7"]
[White "aridannie"]
[Black "JonahWillow"]
[Result "0-1"]
[WhiteElo "2444"]
[BlackElo "2632"]
[TimeControl "180+1"]
[EndTime "14:15:34 PST"]
[Termination "JonahWillow won by resignation"]

1. e4 c5 2. Nf3 Nc6 3. Bb5 g6 4. Bxc6 dxc6 5. d3 Bg7 6. h3 e5 7. Nc3 Ne7 8. Be3 b6 9. Qd2 h6 10. a4 a5 11. Ne2 f5 12. Qc3 O-O 13. O-O Kh7 14. Nxe5 fxe4 15. dxe4 g5 16. f4 gxf4 17. Bxf4 Ng6 18. Bh2 Rxf1+ 19. Rxf1 Qe8 20. Nxg6 Bxc3 21. Nf8+ Kg8 22. Nxc3 Ba6 23. Rf2 Rd8 24. e5 Bc4 25.
Bg3 Bf7 26. e6 Bxe6 27. Ne4 Qxf8 28. Rxf8+ Kxf8 29. Bc7 Rd1+ 30. Kh2 Bd5 31. Nc3 Rd2 32. Nxd5 cxd5 33. Bxb6 Rxc2 34. b3 Rc3 35. Bxa5 Rxb3 36. Bc7 Ke7 37. a5 Ra3 38. Bb6 Kd6 39. g4 c4 40. h4 c3 41. Be3 c2 42. Bxh6 Rxa5 43.
Bf4+ Ke6 44. h5 d4 45. h6 Kf7 46. g5 Kg6 47. Kg3 Ra3+ 48. Kf2 Re3 0-1

[Event "*** Titled Tuesday Blitz"]
[Site "Chess.com"]
[Date "2020.03.03"]
[Round "7"]
[White "Eloist"]
[Black "boasovietica"]
[Result "1-0"]
[WhiteElo "2295"]
[BlackElo "2460"]
[TimeControl "180+1"]
[EndTime "14:15:34 PST"]
[Termination "Eloist won by checkmate"]

1. e4 e5 2. Bc4 Nf6 3. d3 Bc5 4. Nf3 Nc6 5. O-O a6 6. c3 Ba7 7.
Bb3 h6 8. Nbd2 d6 9. Re1 Ne7 10. Nf1 Ng6 11. Ng3 O-O 12. h3 Re8 13. d4 Be6 14.
Bc2 c6 15. Be3 Qc7 16. Qd2 b5 17. Rad1 Rad8 18. Qc1 c5 19. d5 Bc8 20. Nf5 c4 21. Bxh6 gxh6 22. Qxh6 Bxf5 23. exf5 Nf8 24. Qxf6 Nh7 25.
Qh6 f6 26. Re4 Re7 27. Rg4+ Rg7 28. Qxg7+ Qxg7 29. Rxg7+ Kxg7 30. Nd2 Rb8 31. Ne4 Rd8 32. h4 Kf7 33. g4 Ke7 34. Kg2 Rg8 35. f3 Nf8 36. a4 bxa4 37. Ra1 Nd7 38. Rxa4 Rb8 39.
Rxa6 Be3 40. Ba4 Rxb2+ 41. Kf1 Nb6 42. Ra7+ Kf8 43. Nxf6 Bf4 44. g5 Nxa4 45. g6 Rb1+ 46. Kg2 Bh6 47. Rf7# 1-0

[Event "*** Titled Tuesday Blitz"]
[Site "Chess.com"]
[Date "2020.03.03"]
[Round "7"]
[White "Supernotar"]
[Black "Indianlad"]
[Result "1-0"]
[WhiteElo "2822"]
[BlackElo "2928"]
[TimeControl "180+1"]
[EndTime "14:15:36 PST"]
[Termination "Supernotar won by checkmate"]

1. d4 Nf6 2. c4 g6 3. Nc3 Bg7 4.
e4 O-O 5. Be2 d6 6. Nf3 c5 7. d5 Bg4 8. O-O Nfd7 9. h3 Bxf3 10.
Bxf3 Na6 11. Be2 Nc7 12. Qc2 a6 13. a4 Bd4 14. Bh6 Re8 15. Kh1 e5 16. Qd2 Rb8 17. Bd3 f6 18. Ne2 g5 19. Ng3 Nf8 20. h4 gxh4 21. Nf5 Ng6 22. Be2 Kh8 23. Ra3 Rg8 24. Rh3 b5 25. axb5 axb5 26. cxb5 Nxb5 27. Bh5 Nc7 28. b3 Rb7 29. Bxg6 Rxg6 30. Nxh4 Rg4 31. Qe2 Qd7 32. Nf5 Rg6 33. Qh5 Rb8 34. g3 Kg8 35. Kg2 Rxb3 36. Bc1 c4 37. Rfh1 Ne8 38.
Qxg6+ hxg6 39. Rh8+ Kf7 40. R1h7+ Ng7 41. Rxg7# 1-0

[Event "*** Titled Tuesday Blitz"]
[Site "Chess.com"]
[Date "2020.03.03"]
[Round "7"]
[White "PawnEatingZombie"]
[Black "JustDazzled"]
[Result "1-0"]
[WhiteElo "2212"]
[BlackElo "1966"]
[TimeControl "180+1"]
[EndTime "14:15:36 PST"]
[Termination "PawnEatingZombie won on time"]

1. d4 g6 2. e4 Bg7 3. Nf3 c6 4.
c4 d5 5. cxd5 cxd5 6. e5 Nc6 7.
Bb5 a6 8. Bxc6+ bxc6 9. O-O Bg4 10. h3 Bxf3 11. Qxf3 e6 12. Nc3 c5 13. Bf4 cxd4 14. Ne2 Ne7 15. Nxd4 O-O 16. Rfc1 Qb6 17. Qe3 Rfc8 18. b3 a5 19. h4 Qb7 20. h5 Nc6 21. h6 Nxd4 22. Qxd4 Bf8 23. Be3 Rxc1+ 24. Rxc1 Rc8 25.
Rxc8 Qxc8 26. Qb6 Qc2 27. g3 Qxa2 28. Qd8 Qa1+ 29. Kg2 Qa3 30. Bb6 Qb4 31. Bc7 Qe4+ 32. Kh2 Qd4 33. Kg1 Qd1+ 34. Kg2 1-0

[Event "*** Titled Tuesday Blitz"]
[Site "Chess.com"]
[Date "2020.03.03"]
[Round "7"]
[White "IMTominho"]
[Black "vugarrasulov"]
[Result "1/2-1/2"]
[WhiteElo "2853"]
[BlackElo "2909"]
[TimeControl "180+1"]
[EndTime "14:15:37 PST"]
[Termination "Game drawn by agreement"]

1. d4 Nf6 2. c4 e6 3. Nf3 b6 4. g3 Bb7 5. Bg2 Be7 6. O-O O-O 7. Nc3 Ne4 8. Qc2 Nxc3 9. Qxc3 f5 10. Bf4 Bf6 11.
Rfd1 a5 12. Rac1 a4 13. Be5 Bxe5 14. Nxe5 Bxg2 15. Kxg2 d6 16. Qf3 Ra5 17. Nd3 Qf6 18.
e3 e5 19. dxe5 dxe5 20. Nb4 e4 21. Qe2 Nc6 22. Nxc6 Qxc6 23. Rd4 Rc5 24. b4 axb3 25. axb3 Ra5 26. Rcd1 h6 27. h4 Qg6 28. Rd8 Ra8 29. Rxa8 Rxa8 30. Rd7 Qc6 31. Qd1 Rf8 32. h5 Rf7 33.
Rd8+ Rf8 34. Qd5+ Qxd5 35. Rxd5 Rf7 36. Rd8+ Rf8 37. Rd5 Rf7 38. b4 Kh7 39. c5 bxc5 40. Rxc5 g6 41. hxg6+ Kxg6 42. Rc6+ Kg5 43. b5 h5 44. Kh3 Rd7 45. Kg2 Rd5 46. Rxc7 Rxb5 47. Rg7+ Kf6 48. Ra7 Kg5 49. Rg7+ Kf6 50. Rg8 Rb2 1/2-1/2

[Event "*** Titled Tuesday Blitz"]
[Site "Chess.com"]
[Date "2020.03.03"]
[Round "7"]
[White "AntonSmirnov"]
[Black "tigra"]
[Result "0-1"]
[WhiteElo "2920"]
[BlackElo "2827"]
[TimeControl "180+1"]
[EndTime "14:15:39 PST"]
[Termination "tigra won by resignation"]

1. e4 e6 2. d4 d5 3. exd5 exd5 4. Qf3 Nf6 5. h3 Bd6 6. Bd3 O-O 7. Ne2 Re8 8. O-O Nc6 9. c3 Ne4 10. Bf4 Ng5 11.
Qxd5 h6 12. Bxd6 cxd6 13. Nf4 Qf6 14. Nh5 Qe7 15. Nd2 Be6 16. Qb5 a6 17. Qb6 Nxh3+ 18.
gxh3 Qg5+ 19. Ng3 Qxd2 20. Rad1 Qf4 21. d5 Bxh3 22. Rfe1 Ne5 23. Rxe5 Rxe5 24. Bf1 Bxf1 25. Rxf1 Re7 26. b3 Rae8 27. Kg2 Qg4 28. Qxd6 h5 29.
Kh2 h4 30. Nh1 Rd7 31. Qc5 Qf4+ 32. Kg2 h3+ 33. Kxh3 Qf3+ 34. Ng3 Rxd5 35. Qc4 Rh5+ 36.
Qh4 Rxh4+ 37. Kxh4 0-1

[Event "*** Titled Tuesday Blitz"]
[Site "Chess.com"]
[Date "2020.03.03"]
[Round "7"]
[White "rasmussvane"]
[Black "Tayson_7"]
[Result "0-1"]
[WhiteElo "2885"]
[BlackElo "2728"]
[TimeControl "180+1"]
[EndTime "14:15:39 PST"]
[Termination "Tayson_7 won on time"]

1. Nf3 Nf6 2. g3 d5 3. Bg2 Bg4 4. O-O Nbd7 5. h3 Bh5 6. c4 Bxf3 7. exf3 dxc4 8. Qa4 e6 9. Qxc4 Nb6 10. Qc2 Be7 11. f4 O-O 12. Bxb7 Rb8 13. Bg2 c5 14. Nc3 Qd7 15. Rd1 Rfd8 16. d3 Nfd5 17. Nxd5 Nxd5 18.
a3 h6 19. Bd2 Bf6 20. Bc3 Nxc3 21. bxc3 Qc7 22. Rab1 Qa5 23. Rb7 Rxb7 24. Bxb7 Qxa3 25. c4 a5 26. Bc6 Rd6 27. Bb5 Qb4 28. Kg2 g6 29. Qa2 Qc3 30. Qe2 Qb3 31. Qf3 Kg7 32.
Rd2 a4 33. Qa8 a3 34. Qa7 Rd8 35. h4 h5 36. Bc6 Bb2 37. Qe7 a2 0-1